 Dungeon Crawl Stone Soup version 0.31-a0-702-gf82c85558f (webtiles) character file.

Game seed: 10605650860584053629

409 qw the Shooter (level 6, -2/38 HPs)
             Began as a Gargoyle Hunter on Sept 8, 2023.
             Slain by Duvessa
             ... wielding a +0 rapier
              (7 damage)
             ... on level 4 of the Dungeon.
             The game lasted 00:01:08 (2762 turns).

qw the Shooter (Gargoyle Hunter)                    Turns: 2762, Time: 00:01:08

Health: -2/38      AC: 11    Str: 15    XL:     6   Next: 89%
Magic:  6/6        EV: 12    Int:  9    God:
Gold:   167        SH:  0    Dex: 21    Spells: 5/5 levels left

rFire   . . .        Y - +1 shortbow
rCold   . . .        (shield currently unavailable)
rNeg    + . .        c - +0 leather armour
rPois   inf          l - +2 helmet
rElec   +            (no cloak)
rCorr   .            (no gloves)
SInv    .            e - +0 pair of boots
Will    +....        (no amulet)
Stlth   ++           i - +6 ring of dexterity
HPRegen 0.26/turn    b - ring of willpower
MPRegen 0.10/turn

%: no passive effects
@: about to teleport
A: sickness immunity, AC +4, negative energy resistance 1, electricity
resistance, torment resistance 1, petrification resistance
a: no special abilities


You were on level 4 of the Dungeon.
You visited 1 branch of the dungeon, and saw 4 of its levels.

You collected 167 gold pieces.


Innate Abilities, Weirdness & Mutations

You are immune to sickness and miasma.
Your stone body is resilient. (AC +4)
You are immune to poison.
You resist negative energy. (rN+)
You are resistant to electric shocks. (rElec)
You are resistant to unholy torment.
You are immune to petrification.


   Skills:
 - Level 4.0 Fighting
 + Level 6.9 Ranged Weapons
 - Level 1.5 Armour
 - Level 2.0 Dodging
 - Level 1.1 Stealth


You had 5 spell levels left.
You didn't know any spells.
Your spell library was empty.

Inventory:

Hand Weapons
 Y - a +1 shortbow (weapon)
Armour
 c - a +0 leather armour (worn)
 e - a +0 pair of boots (worn)
 l - a +2 helmet (worn)
Jewellery
 b - a ring of willpower (right hand)
 i - a +6 ring of dexterity (left hand)
Scrolls
 a - 3 scrolls of identify
 j - a scroll of noise {unknown}
 o - a scroll of vulnerability {unknown}
Potions
 d - 3 potions of mutation
 f - 2 potions of curing
 g - a potion of resistance {unknown}
 h - a potion of enlightenment {unknown}
 k - a potion of haste {unknown}
 m - a potion of brilliance {unknown}

Dungeon Overview and Level Annotations

Branches:
Dungeon (4/15)
 Temple: D:4-7

Altars:

Annotations:
D:4 1 runed translucent door, Crazy Yiuf, Duvessa


Message History

Enter note:
Enter note: You shoot an arrow.
The arrow closely misses the hound.
You shoot an arrow. The arrow closely misses the hound.
The hound bites you but does no damage.
You shoot an arrow. The arrow hits the hound!
The hound is heavily wounded.
The hound barely misses you. The hound bites you but does no damage.
You shoot an arrow. The arrow hits the hound!
You kill the hound!
Dowan points at you and mumbles some strange words.
You resist with almost no effort.
You shoot an arrow. The arrow barely misses Dowan.
You shoot an arrow. The arrow hits Dowan!
You kill Dowan!
You hear a distant scream of rage.
Things that are here:
a +2 short sword of protection; a kobold skeleton
There is an open door here.
There is an open door here.
Things that are here:
a +2 short sword of protection; a kobold skeleton Duvessa is nearby!
You shoot an arrow. The arrow barely misses Duvessa.
Duvessa goes berserk!
You shoot an arrow. The arrow barely misses Duvessa.
Duvessa rages.
You shoot an arrow. The arrow closely misses Duvessa.
Duvessa hits you with a +0 rapier!
You shoot an arrow. The arrow closely misses Duvessa.
Duvessa hits you with a +0 rapier! Duvessa barely misses you.
You shoot an arrow. The arrow completely misses Duvessa.
Duvessa closely misses you. x2
You shoot an arrow. The arrow closely misses Duvessa.
Duvessa hits you with a +0 rapier!
2762 ||| READING scroll of teleportation.
As you read the scroll of teleportation, it crumbles to dust.
You feel strangely unstable. Duvessa hits you with a +0 rapier!
You die...

.#......#.....#...e..
.#......#.....#.....
.#......#.....#....
.#......#.....#...
.########.....#..##########
.........######.)#........#
.........#.......#........#
.........#......e#........#
.........#......@#........#
.........#.......#........#
.........#######..........#
###########......##########
..........#......#
..........#......#
..........#......#
#...##.##'#......##########
#...##.#..)...............#


You could see Duvessa (berserk).

Vanquished Creatures
  A scorpion (D:4)
  Dowan (D:4)
  2 hounds
  2 iguanas (D:4)
  An orc wizard (D:4)
  Natasha (D:4)
  3 gnolls (D:4)
  3 adders
  3 worms (D:2)
  A dart slug (D:2)
  3 orcs (D:4)
  5 ball pythons
  7 endoplasms
  3 giant cockroaches
  7 goblins
  10 hobgoblins
  3 jackals (D:1)
  3 quokkas
  4 bats
  3 frilled lizards
  7 kobolds
  2 rats
75 creatures vanquished.

Notes
Turn   | Place    | Note
-------+----------+-------------------------------------------
     0 | D:1      | qw the Gargoyle Hunter began the quest for the Orb.
     0 | D:1      | Reached XP level 1. HP: 12/12 MP: 1/1
     0 | D:1      | 0 ||| qw: Version: 0.3-a-76-g4403597
     0 | D:1      | 0 ||| qw: Game counter: 1064
     0 | D:1      | 0 ||| qw: Melee chars always use a shield: true
     0 | D:1      | 0 ||| qw: God list: Okawaru
     0 | D:1      | 0 ||| qw: Allow faded altars: false
     0 | D:1      | 0 ||| qw: Do Orc after clearing Dungeon:15 true
     0 | D:1      | 0 ||| qw: Do second Lair branch before Depths: true
     0 | D:1      | 0 ||| qw: Lair rune preference: random
     0 | D:1      | 0 ||| qw: Goals: Normal
     0 | D:1      | 0 ||| PLANNING D:1-11
    54 | D:1      | 54 ||| Stepping ~*~*~tactically~*~*~ (outnumbered).
   146 | D:1      | Reached XP level 2. HP: 17/17 MP: 2/2
   497 | D:1      | Reached XP level 3. HP: 21/21 MP: 3/3
   802 | D:1      | 802 ||| UPGRADING to +6 ring of dexterity.
   803 | D:1      | 803 ||| READING scroll labelled OZIONT MEMPU.
   806 | D:1      | 806 ||| READING scroll labelled QUSKUO BOWUCOA.
   807 | D:1      | 807 ||| DROPPING scroll of butterflies.
   843 | D:2      | Reached skill level 5 in Ranged Weapons
   965 | D:2      | Reached skill level 3 in Fighting
   967 | D:2      | 967 ||| Stepping ~*~*~tactically~*~*~ (water).
  1045 | D:2      | Reached XP level 4. HP: 28/28 MP: 4/4
  1347 | D:2      | 1347 ||| UPGRADING to +0 pair of boots.
  1352 | D:2      | 1352 ||| UPGRADING to ring of willpower.
  1353 | D:2      | 1353 ||| READING scroll labelled URIAP TOULUEBBO.
  2045 | D:3      | 2045 ||| UPGRADING to +2 helmet.
  2050 | D:3      | 2050 ||| READING scroll labelled XIUNTI VORIS.
  2051 | D:3      | 2051 ||| READING scroll labelled COLOOXZ AMOD.
  2052 | D:3      | 2052 ||| DRINKING 3 grey potions.
  2053 | D:3      | 2053 ||| READING 2 scrolls of identify.
  2053 | D:3      | 2053 ||| IDENTIFYING fuming coppery potion
  2105 | D:4      | Reached skill level 1 in Armour
  2105 | D:4      | Reached XP level 5. HP: 32/32 MP: 5/5
  2150 | D:4      | Reached skill level 6 in Ranged Weapons
  2264 | D:4      | Reached XP level 6. HP: 37/37 MP: 6/6
  2323 | D:4      | 2323 ||| Stepping ~*~*~tactically~*~*~ (outnumbered).
  2325 | D:4      | 2325 ||| Stepping ~*~*~tactically~*~*~ (outnumbered).
  2597 | D:4      | Found a runed translucent door.
  2598 | D:4      | Noticed Crazy Yiuf
  2635 | D:4      | Noticed Natasha
  2643 | D:4      | Killed Natasha
  2717 | D:4      | Noticed Dowan
  2717 | D:4      | Noticed Duvessa
  2718 | D:4      | 2718 ||| RETREATING.
  2729 | D:4      | Killed Dowan
  2761 | D:4      | HP: 5/38 [Duvessa/+0 rapier (11)]
  2762 | D:4      | 2762 ||| READING scroll of teleportation.
  2762 | D:4      | Slain by Duvessa

Levels and vault maps discovered:
D:1:      nzn_arrival_depleted_hourglass, layout_basic
D:2:      layout_rooms, serial_bayou_pond_c
D:3:      layout_loops_ring
D:4:      layout_gridville, hangedman_abyss_or_decor_lesser_grid,
          uniq_crazy_yiuf_cottage, uniq_blork_the_orc, uniq_natasha,
          uniq_menkaure, uniq_duvessa

Skill      XL: |  1  2  3  4  5  6 |
---------------+-------------------+-----
Ranged Weapons | 5 6 |  6.9
Fighting       | 3 4 |  4.0
Armour         | 1 |  1.5
Dodging        | 2 |  2.0
Stealth        | |  1.1

Action                     |  1- 3 |  4- 6 || total
---------------------------+-------+-------++-------
   Fire: Shortbow          |   103 |   133 ||   236
    Use: Scroll            |     2 |     5 ||     7
         Potion            |       |     1 ||     1
 Armour: Leather armour    |    23 |    39 ||    62
  Dodge: Dodged            |    21 |    29 ||    50

Table legend:
 A = Non-vault XP
 B = Vault XP
 C = Vault XP percentage of total XP
 D = Non-vault monster count
 E = Vault monster count
 F = Vault count percentage of total count
                 A         B        C        D         E       F
            +---------+---------+-------+---------+---------+-------
      Total |     483 |     102 |  17.4 |      73 |       2 |   2.7
            +---------+---------+-------+---------+---------+-------
        D:1 |      38 |       0 |   0.0 |      22 |       0 |   0.0
        D:2 |      73 |       0 |   0.0 |      22 |       0 |   0.0
        D:3 |      53 |       0 |   0.0 |       8 |       0 |   0.0
        D:4 |     319 |     102 |  24.2 |      21 |       2 |   8.7
            +---------+---------+-------+---------+---------+-------
